 Dungeon Crawl Stone Soup version 0.30.1-4-g462c640d31 (webtiles) character file.

Game seed: 8948678970186479291

159 FishyPogo the Insei (level 5, -2/41 HPs)
             Began as a Gnoll Transmuter on Aug 19, 2023.
             Slain by a gnoll
             ... wielding a +0 spear
              (4 damage)
             ... on level 3 of the Dungeon.
             The game lasted 00:03:11 (1936 turns).

FishyPogo the Insei (Gnoll Transmuter)              Turns: 1936, Time: 00:03:13

Health: -2/41      AC:  2    Str:  9    XL:     5   Next: 40%
Magic:  10/12      EV: 13    Int: 20    God:
Gold:   91         SH:  0    Dex: 13    Spells: 8/14 levels left

rFire   . .          .
                       - Unarmed
rCold   . . .        (no shield)
rNeg    . . .        a - +0 robe
rPois   .            l - melded +0 helmet
rElec   .            (no cloak)
rCorr   .            (no gloves)
SInv    .            (boots currently unavailable)
Will    .....        (no amulet)
Stlth   ++           j - +6 ring of intelligence
HPRegen 0.26/turn    (no ring)
MPRegen 0.13/turn

%: no passive effects
@: appendages, wereblooded
A: horns 2, talons 2, fangs 1, strong nose, distributed training
a: End Transformation


You were on level 3 of the Dungeon.
You had temporarily grown beastly horns and talons.
You visited 1 branch of the dungeon, and saw 3 of its levels.

You collected 91 gold pieces.

Inventory:

Missiles
 f - 2 boomerangs
 g - 8 stones
Armour
 a - a +0 robe (worn)
 l - a +0 helmet (melded)
Jewellery
 j - a +6 ring of intelligence (left hand)
Scrolls
 e - a scroll of immolation {unknown}
 h - 3 scrolls of magic mapping {unknown}
 o - a scroll of identify {unknown}
Potions
 b - a potion of lignification
 c - 3 potions of curing {unknown}
 i - a potion of degeneration {unknown}
 k - a potion of cancellation {unknown}
 m - a potion of invisibility {unknown}
 n - a potion of magic {unknown}


   Skills:
 + Level 3.0 Fighting
 + Level 1.5 Short Blades
 + Level 1.5 Long Blades
 + Level 1.5 Axes
 + Level 1.5 Maces & Flails
 + Level 1.5 Polearms
 + Level 1.5 Staves
 + Level 1.5 Ranged Weapons
 + Level 1.5 Throwing
 + Level 1.5 Armour
 + Level 4.8 Dodging
 + Level 1.5 Stealth
 + Level 1.5 Shields
 + Level 6.7 Unarmed Combat
 + Level 5.2 Spellcasting
 + Level 1.2 Conjurations
 + Level 1.2 Hexes
 + Level 1.2 Summonings
 + Level 1.2 Necromancy
 + Level 1.2 Translocations
 + Level 4.0 Transmutations
 + Level 1.2 Fire Magic
 + Level 1.2 Ice Magic
 + Level 1.2 Air Magic
 + Level 1.2 Earth Magic
 + Level 1.2 Poison Magic
 + Level 1.7 Invocations
 + Level 1.5 Evocations


You had 8 spell levels left.
You knew the following spells:

 Your Spells              Type           Power      Damage    Failure   Level
a - Beastly Appendage     Tmut           42%        N/A       2%          1
b - Wereblood             Tmut           21%        N/A       3%          2
c - Spider Form           Tmut/Pois      15%        N/A       12%         3

Your spell library contained the following spells:

 Spells                   Type           Power      Damage    Failure   Level
 Ice Form                 Ice/Tmut       15%        N/A       36%         4


Dungeon Overview and Level Annotations

Branches:
Dungeon (3/15)

Altars:
Uskayaw

Shops:
D:2 ![[(


Innate Abilities, Weirdness & Mutations

You have temporarily grown beastly horns and talons.
You have very sharp teeth.
Your uncanny sense of smell can sniff out nearby items.
Your experience applies equally to all skills.


Message History

You barely miss the bat. The bat hits you but does no damage.
Casting: Beastly Appendage (safe; 2% risk of failure)
Confirm with . or Enter, or press ? or * to list all spells.
You extend your transformation's duration.
The bat barely misses you. The bat hits you but does no damage.
The bat hits you.
You hit the bat.
You kill the bat!
The gnoll shouts!
A gnoll comes into view. It is wielding a +0 whip.
A gnoll comes into view. It is wielding a +0 flail.
The gnoll shouts!
You hear a bark!
A gnoll comes into view. It is wielding a +0 spear.
The gnoll closely misses you.
You hear a bark!
The gnoll shouts!
You hear a shout!
A jackal comes into view.
The gnoll hits you with a +0 spear!
You hit the gnoll. You claw the gnoll. You headbutt the gnoll.
The gnoll is almost dead.
The gnoll hits you with a +0 spear. The gnoll completely misses you.
A jackal comes into view.
Casting: Beastly Appendage (safe; 2% risk of failure)
Confirm with . or Enter, or press ? or * to list all spells.
Your blood is infused with primal strength.
An orc comes into view. It is wielding a +0 dagger.
The gnoll hits you from afar with a +0 spear.
The gnoll hits you with a +0 spear.
The jackal moves out of view.
The orc shouts!
You hit the gnoll.
You feel a bit better.
You kill the gnoll!
The gnoll hits you with a +0 whip!
The gnoll hits you from afar with a +0 spear.
* * * LOW HITPOINT WARNING * * *
The air fills with toxic fumes!
As you read the scroll labelled KUIWEM FIPLEF, it crumbles to dust.
It was a scroll of poison.
The gnoll hits you with a +0 flail!
* * * LOW HITPOINT WARNING * * *
The gnoll hits you from afar with a +0 spear.
You die...

####§#§####
.##§§§§§§§§.# §#
.§§§§§§§§§.# .o
#§§§§§§§§.# #h
#§§§§§§§§.####
#§§##§§§§§§§§.....
#§§g§§§§§§§§.#
#@§§§§§§§.#
§§§§§§§g§§§§§§§<#
§§####g§§§§§§§§.#
..§§§§§§§§§§.#
##§§§§§#######
###§#§§ #§##§# #§§
§#


You could see 3 gnolls, an orc and a jackal.

Vanquished Creatures
  Jessica (D:2)
  Natasha (thrice) (D:2)
  A gnoll (D:3)
  2 adders (D:2)
  A worm (D:2)
  A dart slug (D:1)
  3 endoplasms
  3 goblins
  2 hobgoblins
  4 kobolds
  A quokka (D:1)
  2 ball pythons
  2 bats
  4 frilled lizards
  2 rats
32 creatures vanquished.

Notes
Turn   | Place    | Note
-------+----------+-------------------------------------------
     0 | D:1      | FishyPogo the Gnoll Transmuter began the quest for the Orb.
     0 | D:1      | Reached XP level 1. HP: 17/17 MP: 6/6
   331 | D:1      | Reached XP level 2. HP: 23/23 MP: 5/7
   381 | D:1      | Learned a level 2 spell: Wereblood
   879 | D:2      | Found a hide-covered altar of Uskayaw.
   935 | D:2      | Noticed Natasha
   946 | D:2      | Killed Natasha
   947 | D:2      | Reached skill level 5 in Spellcasting
   947 | D:2      | Reached skill level 1 in Invocations
   947 | D:2      | Reached XP level 3. HP: 13/28 MP: 7/9
   951 | D:2      | Learned a level 3 spell: Spider Form
  1054 | D:2      | Reached skill level 1 in Short Blades
  1054 | D:2      | Reached skill level 1 in Long Blades
  1054 | D:2      | Reached skill level 1 in Axes
  1054 | D:2      | Reached skill level 1 in Maces & Flails
  1054 | D:2      | Reached skill level 1 in Polearms
  1054 | D:2      | Reached skill level 1 in Staves
  1054 | D:2      | Reached skill level 1 in Ranged Weapons
  1054 | D:2      | Reached skill level 1 in Throwing
  1054 | D:2      | Reached skill level 1 in Armour
  1054 | D:2      | Reached skill level 1 in Stealth
  1054 | D:2      | Reached skill level 1 in Shields
  1054 | D:2      | Reached skill level 1 in Evocations
  1154 | D:2      | Noticed Jessica
  1164 | D:2      | Killed Jessica
  1165 | D:2      | Reached skill level 1 in Conjurations
  1165 | D:2      | Reached skill level 1 in Hexes
  1165 | D:2      | Reached skill level 1 in Summonings
  1165 | D:2      | Reached skill level 1 in Necromancy
  1165 | D:2      | Reached skill level 1 in Translocations
  1165 | D:2      | Reached skill level 1 in Fire Magic
  1165 | D:2      | Reached skill level 1 in Ice Magic
  1165 | D:2      | Reached skill level 1 in Air Magic
  1165 | D:2      | Reached skill level 1 in Earth Magic
  1165 | D:2      | Reached skill level 1 in Poison Magic
  1165 | D:2      | Reached XP level 4. HP: 12/34 MP: 11/11
  1288 | D:2      | Noticed Natasha
  1297 | D:2      | Killed Natasha
  1298 | D:2      | Reached XP level 5. HP: 22/40 MP: 12/12
  1554 | D:2      | Noticed Natasha
  1564 | D:2      | Killed Natasha
  1655 | D:2      | Found Kishrecho's Weapon Shop.
  1690 | D:2      | Found Uzadifod's Antique Armour Emporium.
  1720 | D:2      | Found Ximn's Distillery.
  1782 | D:2      | Found Seogg's Antique Armour Boutique.
  1936 | D:3      | HP: 2/41 [gnoll/+0 flail (9)]
  1936 | D:3      | Slain by a gnoll

Illustrated notes

Levels and vault maps discovered:
D:1:      tarquinn_simple_flora_water_c, layout_rooms, serial_rivers,
          chequers_serial_rivers_large_b, chequers_serial_rivers_micro_d,
          chequers_serial_rivers_room_b, chequers_serial_rivers_micro_a,
          chequers_serial_rivers_large_a, chequers_serial_rivers_micro_a
D:2:      layout_basic, serial_shops, shop, shop, shop, shop_statue,
          basic_altar, uniq_natasha, uniq_jessica
D:3:      layout_rooms, uniq_grinder

Skill      XL: |  1  2  3  4  5 |
---------------+----------------+-----
Spellcasting   | 5 |  5.2
Invocations    | 1 |  1.7
Short Blades   | 1 |  1.5
Long Blades    | 1 |  1.5
Axes           | 1 |  1.5
Maces & Flails | 1 |  1.5
Polearms       | 1 |  1.5
Staves         | 1 |  1.5
Ranged Weapons | 1 |  1.5
Throwing       | 1 |  1.5
Armour         | 1 |  1.5
Stealth        | 1 |  1.5
Shields        | 1 |  1.5
Evocations     | 1 |  1.5
Conjurations   | 1 |  1.2
Hexes          | 1 |  1.2
Summonings     | 1 |  1.2
Necromancy     | 1 |  1.2
Translocations | 1 |  1.2
Fire Magic     | 1 |  1.2
Ice Magic      | 1 |  1.2
Air Magic      | 1 |  1.2
Earth Magic    | 1 |  1.2
Poison Magic   | 1 |  1.2
Fighting       | 3 |  3.0
Transmutations | 4 |  4.0
Dodging        | |  4.8
Unarmed Combat | |  6.7

Action                     |  1- 3 |  4- 6 || total
---------------------------+-------+-------++-------
  Melee: Unarmed           |    57 |    37 ||    94
         Headbutt          |    10 |     6 ||    16
         Kick              |     5 |    10 ||    15
         Bite              |     5 |     4 ||     9
   Cast: Beastly Appendage |    18 |     9 ||    27
         Wereblood         |       |     1 ||     1
Ability: End Transformatio |     1 |       ||     1
    Use: Scroll            |       |     1 ||     1
 Armour: Robe              |     4 |     5 ||     9
  Dodge: Dodged            |    31 |    19 ||    50
